 Dungeon Crawl Stone Soup version 0.29.1-15-g9cfb28693d (webtiles) character file.

Game seed: 2889803660394056459

23338 Gabide the Purifying Human (level 13, -6/104 HPs)
             Began as a Human Monk on Feb 28, 2023.
             Was a High Priest of Elyvilon.
             Mangled by a spriggan simulacrum (11 damage)
             ... on level 4 of the Lair of Beasts.
             The game lasted 00:21:37 (15833 turns).

Gabide the Purifying Human (Human Monk)            Turns: 15833, Time: 00:21:38

Health: -6/104     AC: 16    Str: 12    XL:     13   Next: 34%
Magic:  23/23      EV: 21    Int: 11    God:    Elyvilon [*****.]
Gold:   577        SH:  0    Dex: 26    Spells: 12/12 levels left

rFire   . . .      SeeInvis .   r - +2 long sword (elec)
rCold   . . .      Faith    .   (no shield)
rNeg    . . .      Spirit   .   k - +1 leather armour
rPois   .          Reflect  .   c - +2 helmet
rElec   .          Harm     .   I - +0 cloak
rCorr   .          Rampage  .   l - +2 pair of gloves
Will    .....                   E - +0 pair of boots
Stlth   ++........              m - amulet of regeneration
HPRegen 1.07/turn               a - +6 ring of dexterity
MPRegen 0.18/turn               H - +4 ring of protection

@: about to teleport
A: no striking features
a: Renounce Religion, Purification, Heal Other, Heal Self, Divine Vigour


You were on level 4 of the Lair of Beasts.
You worshipped Elyvilon.
Elyvilon was extremely pleased with you.
You visited 3 branches of the dungeon, and saw 15 of its levels.

You collected 822 gold pieces.
You spent 245 gold pieces at shops.

Inventory:

Hand Weapons
 r - a +2 long sword of electrocution (weapon)
Armour
 c - a +2 helmet (worn)
 k - a +1 leather armour (worn)
 l - a +2 pair of gloves (worn)
 E - a +0 pair of boots (worn)
 I - a +0 cloak (worn)
Jewellery
 a - a +6 ring of dexterity (left hand)
 m - an amulet of regeneration (around neck)
 v - a ring of willpower
 w - a +4 ring of evasion
 B - an amulet of reflection
 D - a ring of resist corrosion
 H - a +4 ring of protection (right hand)
Wands
 n - a wand of iceblast (13)
 s - a wand of charming (12)
Scrolls
 d - 4 scrolls of teleportation
 e - a scroll of silence
 f - 2 scrolls of poison
 j - 3 scrolls of enchant weapon
 t - 5 scrolls of identify
 u - 3 scrolls of fear
 y - a scroll of magic mapping
 C - a scroll of vulnerability
 F - 2 scrolls of amnesia
Potions
 b - 2 potions of mutation
 g - 3 potions of magic
 h - 5 potions of curing
 o - 2 potions of haste
 q - a potion of invisibility
 x - 5 potions of might
 z - 2 potions of attraction
 G - a potion of berserk rage
Miscellaneous
 A - a phantom mirror


   Skills:
 + Level 10.7 Fighting
 + Level 10.8 Long Blades
 + Level 10.8 Dodging
 - Level 2.0 Stealth
 + Level 13.5 Invocations


You had 12 spell levels left.
You didn't know any spells.
Your spell library contained the following spells:

 Spells                   Type           Power      Damage    Failure   Level
 Apportation              Tloc           0%         N/A       41%         1
 Necrotise                Necr           0%         1d4       41%         1
 Sandblast                Erth           0%         2d4       41%         1
 Summon Small Mammal      Summ           0%         N/A       41%         1
 Ensorcelled Hibernation  Hex/Ice        0%         N/A       56%         2
 Passwall                 Tmut/Erth      0%         N/A       56%         2
 Frozen Ramparts          Ice            0%         1d1       80%         3
 Spider Form              Tmut/Pois      0%         N/A       80%         3
 Stone Arrow              Conj/Erth      0%         3d7       80%         3
 Tukima's Dance           Hex            0%         N/A       80%         3
 Airstrike                Air            0%         2d(0-16)  99%         4
 Anguish                  Hex/Necr       0%         N/A       99%         4
 Animate Dead             Necr           0%         N/A       99%         4
 Ice Form                 Ice/Tmut       0%         N/A       99%         4
 Passage of Golubria      Tloc           0%         N/A       99%         4
 Petrify                  Tmut/Erth      0%         N/A       99%         4
 Summon Ice Beast         Ice/Summ       0%         N/A       99%         4
 Summon Lightning Spire   Summ/Air       0%         N/A       99%         4
 Borgnjor's Vile Clutch   Necr/Erth      0%         N/A       100%        5
 Lightning Bolt           Conj/Air       0%         1d11      100%        5
 Metabolic Englaciation   Hex/Ice        0%         N/A       100%        5
 Yara's Violent Unravell  Hex/Tmut       0%         3d3       100%        5
 Death Channel            Necr           0%         N/A       100%        6
 Statue Form              Tmut/Erth      0%         N/A       100%        6


Dungeon Overview and Level Annotations

Branches:
Dungeon (10/15)            Temple (1/1) D:5            Lair (4/5) D:10
 Shoals (0/4) Lair:2        Snake (0/4) Lair:2
  Slime: Lair:4-5       Orc: D:9-12

Altars:
Ashenzari
Cheibriados
Dithmenos
Elyvilon
Fedhas
Gozag
Hepliaklqana
Kikubaaqudgha
Makhleb
Nemelex Xobeh
Okawaru
Qazlal
Ru
Sif Muna
Trog
Uskayaw
Vehumet
Wu Jian
Xom
Yredelemnul
Zin
The Shining One

Shops:
D:7 (*!**

Annotations:
Lair:4 2 transporters, exclusion: ice statue, Murgh's ghost, journeyman MiBe


Message History

* * * LOW HITPOINT WARNING * * *
The polar bear claws you but does no damage.
The polar bear closely misses you.
You hit the ice statue but do no damage.
The ice statue is almost destroyed.
The polar bear bites you but does no damage.
The polar bear claws you but does no damage.
The polar bear closely misses you. The polar bear misses you.
The polar bear barely misses you. The polar bear completely misses you.
The polar bear barely misses you. The polar bear closely misses you.
The polar bear claws you but does no damage.
You slash the ice statue!
The ice statue is almost destroyed.
The polar bear bites you!
* * * LOW HITPOINT WARNING * * *
The polar bear misses you. x2; The polar bear bites you!
* * * LOW HITPOINT WARNING * * *
The polar bear completely misses you. The polar bear barely misses you.
The polar bear completely misses you. The polar bear misses you.
The polar bear barely misses you.
Blink to where?
Press: ? - help, Dir - move target
As you read the scroll of blinking, it crumbles to dust.
Read: 3 scrolls of poison
Press: ? - help, Dir - look around, f - activate The air fills with toxic fumes!
As you read the scroll of poison, it crumbles to dust.
As you read the scroll of teleportation, it crumbles to dust.
You feel strangely unstable.
The polar bear is engulfed in poison gas.
The polar bear is poisoned.
The polar bear looks even sicker.
The polar bear is engulfed in poison gas.
The polar bear looks even sicker.
You hit the polar bear.
The polar bear is heavily wounded.
The spriggan simulacrum hits you.
* * * LOW HITPOINT WARNING * * *
The spriggan simulacrum freezes you!
You die...

.# ##PP...#.............
.##P.....§§###§§§§§§§§§§
.##......§§###§§§§§§§§§§~#.# ..
..##.....§§§#§§§§§§§§§§§~~~##..
..#......§§§§§§§§§§§§§§§~~~~~~.
.......~~§§§§§§§§§§§§§§§~~~≈~~~
....~~~~~§§§§§§§§§§§§§§§~.~~≈≈~
~~~~~~~§§§§§§§§h§§§§.§...~~~~
~≈~~..§§§§§§§@Z§§§hh.†......
~≈..~~§§§§§§§8§§§§Z§$8Z.....
############################


You could see 3 polar bears, a spriggan simulacrum and a naga simulacrum.

Vanquished Creatures
  A catoblepas (Lair:1)
  A two-headed ogre (D:10)
  3 black mambas
  A gargoyle (D:10)
  4 cane toads
  4 komodo dragons
  2 ice devils (Lair:4)
  2 rime drakes
  A polar bear (Lair:4)
  2 trolls
  The ghost of burchardtist the Ruffian, an amateur DrTm (D:4)
  3 blink frogs (Lair:3)
  4 dream sheep (Lair:3)
  A shadow (D:10)
  2 wraiths
  4 wyverns
  Eustachio (D:4)
  2 fire elementals (Lair:4)
  2 fire bats (Lair:4)
  18 yaks
  A basilisk (Lair:3)
  11 water moccasins
  8 orc warriors
  An ice beast (D:4)
  A black bear (D:6)
  5 wolves (Lair:1)
  6 centaurs
  2 kobold brigands
  2 gnoll sergeants (D:9)
  11 bullfrogs
  A necrophage (D:4)
  5 scorpions
  9 wights
  9 killer bees
  2 howler monkeys
  A hound (D:6)
  A jelly (D:7)
  3 orc priests
  A gnoll bouda (D:8)
  Natasha (thrice) (D:3)
  2 iguanas
  8 orc wizards
  4 hell rats (Lair:3)
  A statue (D:3)
  Robin (D:2)
  7 adders
  8 gnolls (D:9)
  2 shadow imps
  2 white imps
  2 worms
  10 dart slugs
  30 orcs
  4 bats
  8 endoplasms
  4 giant cockroaches
  14 goblins
  11 hobgoblins
  10 jackals
  A quokka (D:4)
  10 ball pythons
  4 frilled lizards
  13 kobolds
  7 rats
305 creatures vanquished.

Vanquished Creatures (others)
  A bog body (Lair:4)
  A wyvern (D:9)
  2 wolves (Lair:4)
  A centaur (D:7)
  2 orc wizards (D:9)
  An orc (D:9)
  9 fungi
  11 plants
28 creatures vanquished.

Grand Total: 333 creatures vanquished

Notes
Turn   | Place    | Note
-------+----------+-------------------------------------------
     0 | D:1      | Gabide the Human Monk began the quest for the Orb.
     0 | D:1      | Reached XP level 1. HP: 18/18 MP: 1/1
   295 | D:1      | Reached XP level 2. HP: 21/24 MP: 2/2
  1074 | D:1      | Reached XP level 3. HP: 29/29 MP: 3/3
  2321 | D:2      | Reached XP level 4. HP: 30/36 MP: 4/4
  3468 | D:3      | Reached XP level 5. HP: 42/42 MP: 5/5
  3557 | D:3      | Found a radiant altar of Vehumet.
  3557 | D:3      | Noticed a frost-covered statue
  3905 | D:3      | Noticed Natasha
  3919 | D:3      | Killed Natasha
  4016 | D:3      | Noticed Robin
  4109 | D:3      | Noticed Natasha
  4475 | D:2      | Killed Robin
  4532 | D:3      | Reached XP level 6. HP: 46/48 MP: 6/6
  4666 | D:3      | Killed Natasha
  4862 | D:3      | Noticed Natasha
  5157 | D:3      | Killed Natasha
  6052 | D:4      | Reached XP level 7. HP: 46/55 MP: 7/7
  6310 | D:4      | Noticed burchardtist's ghost (amateur DrTm)
  6342 | D:4      | Found a runed translucent door.
  6515 | D:4      | Reached skill level 5 in Fighting
  6515 | D:4      | Reached skill level 5 in Long Blades
  6515 | D:4      | Reached skill level 5 in Dodging
  7127 | D:4      | Noticed Eustachio
  7141 | D:4      | Killed Eustachio
  7408 | D:4      | Killed burchardtist's ghost
  7409 | D:4      | Reached XP level 8. HP: 49/64 MP: 8/8
  7514 | D:5      | Entered Level 5 of the Dungeon
  8312 | D:5      | Found a staircase to the Ecumenical Temple.
  8364 | Temple   | Entered the Ecumenical Temple
  8370 | Temple   | Became a worshipper of Elyvilon the Healer
  8370 | Temple   | Reached * piety under Elyvilon
  8370 | Temple   | Reached ** piety under Elyvilon
  9102 | D:6      | Found a shimmering blue altar of Sif Muna.
  9272 | D:6      | Reached XP level 9. HP: 71/71 MP: 9/9
 10000 | D:7      | Reached skill level 1 in Invocations
 10109 | D:7      | Reached skill level 2 in Invocations
 10139 | D:7      | Found Fies's Assorted Antiques.
 10147 | D:7      | Bought a scroll labelled TUEZU PAIF WARA for 25 gold pieces
 10147 | D:7      | Bought a viscous orange potion for 22 gold pieces
 10147 | D:7      | Bought a sedimented ruby potion for 22 gold pieces
 10147 | D:7      | Bought a scroll labelled TUEZU PAIF WARA for 25 gold pieces
 10147 | D:7      | Bought a yellow potion for 22 gold pieces
 10160 | D:7      | Reached *** piety under Elyvilon
 10197 | D:7      | Reached skill level 3 in Invocations
 10228 | D:7      | Found Poukuuff's Weapon Shop.
 10341 | D:7      | Reached skill level 4 in Invocations
 10410 | D:7      | Found Yzaihomn's CLEARANCE SALE!.
 10418 | D:7      | Bought a +2 long sword of electrocution for 82 gold pieces
 10418 | D:7      | Bought a scroll of identify for 8 gold pieces
 10463 | D:7      | Reached skill level 5 in Invocations
 10532 | D:7      | Found Seis's Assorted Antiques.
 10644 | D:7      | Found a basalt altar of Yredelemnul.
 10861 | D:7      | Found Jet Erea's Distillery.
 10867 | D:7      | Bought a potion of curing for 39 gold pieces
 11064 | D:8      | Reached skill level 6 in Invocations
 11065 | D:8      | Reached **** piety under Elyvilon
 11158 | D:8      | Reached skill level 7 in Invocations
 11217 | D:8      | Reached XP level 10. HP: 66/79 MP: 15/15
 11222 | D:8      | Reached skill level 8 in Invocations
 11308 | D:8      | HP: 3/79 [orc warrior/+2 halberd of flaming (1)]
 11309 | D:8      | Elyvilon protects you from harm!
 11312 | D:8      | Reached skill level 9 in Invocations
 11364 | D:8      | Noticed a two-headed ogre
 11501 | D:8      | Pacified a two-headed ogre
 11502 | D:8      | Reached skill level 10 in Invocations
 12215 | D:9      | Noticed a two-headed ogre
 12216 | D:9      | Pacified a two-headed ogre
 12217 | D:9      | Reached skill level 11 in Invocations
 12217 | D:9      | Reached XP level 11. HP: 62/85 MP: 16/19
 12255 | D:9      | Noticed a four-headed hydra
 12264 | D:9      | Pacified a five-headed hydra
 12563 | D:9      | You fall into a shaft and drop 1 floor!
 12563 | D:10     | Entered Level 10 of the Dungeon
 12709 | D:9      | Found a sparkling altar of Nemelex Xobeh.
 13070 | D:10     | Found a staircase to the Lair.
 13214 | D:10     | Noticed a two-headed ogre
 13219 | D:10     | Killed a two-headed ogre
 13478 | D:10     | Reached ***** piety under Elyvilon
 13533 | Lair:1   | Entered Level 1 of the Lair of Beasts
 13659 | Lair:1   | Reached skill level 12 in Invocations
 13732 | Lair:1   | Reached XP level 12. HP: 95/95 MP: 21/21
 13935 | Lair:1   | Noticed a boulder beetle
 13944 | Lair:1   | Pacified a boulder beetle
 14065 | Lair:1   | Noticed a catoblepas
 14085 | Lair:1   | Killed a catoblepas
 14251 | Lair:2   | You fall into a shaft and drop 2 floors!
 14358 | Lair:3   | Noticed an eight-headed hydra
 14361 | Lair:3   | Pacified an eight-headed hydra
 14582 | Lair:3   | Reached skill level 10 in Fighting
 14582 | Lair:3   | Reached skill level 10 in Long Blades
 14582 | Lair:3   | Reached skill level 10 in Dodging
 14803 | Lair:3   | Reached skill level 13 in Invocations
 15157 | Lair:3   | Reached XP level 13. HP: 93/103 MP: 22/22
 15455 | Lair:4   | Found a transporter.
 15488 | Lair:4   | Noticed an eight-headed hydra
 15489 | Lair:4   | Found a transporter.
 15489 | Lair:4   | Noticed a boulder beetle
 15489 | Lair:4   | Noticed Murgh's ghost (journeyman MiBe)
 15492 | Lair:4   | Pacified an eight-headed hydra
 15810 | Lair:4   | Identified the +9 dagger "Xunoabb" {flame, Will+ Str-2
                  | Dex+2}
 15827 | Lair:4   | HP: 4/104 [polar bear (14)]
 15833 | Lair:4   | HP: 5/104 [spriggan simulacrum (5)]
 15833 | Lair:4   | Mangled by a spriggan simulacrum

Illustrated notes

Levels and vault maps discovered:
D:1:      lightli_arrival_chessboard, layout_loops_corners
D:2:      layout_basic
D:3:      kennysheep_slugbush, layout_loops_ring, vehumet_statue, uniq_natasha,
          uniq_robin
D:4:      layout_layer_cave, hellmonk_ghost_happy_afterlife, uniq_eustachio
D:5:      layout_cave_pools, minmay_temple_entry_ruins
D:6:      layout_gridville, lemuel_round_altar
D:7:      layout_basic, yredelemnul_altar_generic, serial_shops,
          nicolae_take_the_stairs, nicolae_shop_stone, shop, nicolae_shop_stone,
          nicolae_shop_clearance
D:8:      minmay_imperfect_grid, layout_basic
D:9:      layout_small_grid, mainiacjoe_overflow_alcove_2
D:10:     layout_rooms, grunt_lair_entry_orc_guard_hut
Temple:   eino_narrow_crystal_temple
Lair:1:   layout_big_grid
Lair:2:   layout_loops_ring, minmay_shoals_entry_centaurs,
          minmay_snake_entry_guardpost_small, gammafunk_ghost_arena,
          portal_ice_cave_rime, nicolae_lair_grove_arrangements
Lair:3:   layout_loops_ring, grunt_forest_small_clearing_treed,
          grunt_megastairs_5, infiniplex_staircase_pool_2
Lair:4:   dreamdust_isle_of_ice, layout_gridlike, gammafunk_ghost_arena,
          lemuel_fruit_tree, lemuel_fruit_fields, uniq_urug, uniq_nessos

Skill      XL: |  1  2  3  4  5  6  7  8  9 10 11 12 |
---------------+-------------------------------------+-----
Fighting       | 4 5 6 7 9 10 | 10.7
Long Blades    | 4 5 6 7 9 10 | 10.8
Dodging        | 4 5 6 7 9 10 | 10.8
Invocations    | 7 11 12 13 | 13.5
Stealth        | |  2.0

Action                   |  1- 3 |  4- 6 |  7- 9 | 10-12 | 13-15 || total
-------------------------+-------+-------+-------+-------+-------++-------
Melee: Falchion          |   109 |   214 |   257 |       |       ||   580
       Punch             |       |     5 |     3 |     6 |     3 ||    17
       Long sword        |       |       |    46 |   497 |    89 ||   632
Invok: Heal Other        |       |       |     1 |     8 |     5 ||    14
       Heal Self         |       |       |       |       |     2 ||     2
       Divine Vigour     |       |       |       |       |     2 ||     2
  Use: Scroll            |     3 |     7 |    14 |     7 |     4 ||    35
       Potion            |       |     4 |     4 |     3 |     3 ||    14
 Stab: Sleeping          |    11 |     5 |     5 |     6 |       ||    27
       Distracted        |       |       |       |       |     1 ||     1
Armor: Robe              |    16 |     8 |       |       |       ||    24
       Skin              |       |    28 |     1 |       |       ||    29
       Leather armour    |       |    34 |    79 |   110 |    33 ||   256
Dodge: Dodged            |    70 |   164 |   313 |   517 |   158 ||  1222
